 Dungeon Crawl Stone Soup version 0.21.1-1-g345015f (webtiles) character file.

123 pox the Stinger (level 5, 0/45 HPs)
             Began as a Naga Venom Mage on July 29, 2018.
             Slain by a gnoll (9 damage)
             ... on level 2 of the Dungeon.
             The game lasted 00:14:26 (3253 turns).

pox the Stinger (Naga Venom Mage)                   Turns: 3253, Time: 00:14:27

Health: 0/45       AC:  2    Str: 11    XL:     5   Next: 7%
Magic:  1/8        EV: 10    Int: 16    God:
Gold:   55         SH:  0    Dex: 11    Spells: 2/8 levels left

rFire    . . .     SeeInvis +   h - +0 mace
rCold    . . .     Gourm    .   (no shield)
rNeg     . . .     Faith    .   a - +0 robe
rPois    +         Spirit   .   (no helmet)
rElec    .         Reflect  .   (no cloak)
rCorr    .         Harm     .   (no gloves)
MR       .....                  (no barding)
Stlth    +++.......             (no amulet)
HPRegen  0.15/turn              s - ring of stealth
MPRegen  0.11/turn              (no ring)

@: starving, very slow
A: large, see invisible, deformed body, poison resistance, slowness 2, slow
metabolism 1, spit poison 1, AC +1
a: Spit Poison


You were on level 2 of the Dungeon.
You were starving.

You visited 1 branch of the dungeon, and saw 2 of its levels.

You collected 55 gold pieces.

Inventory:

Hand Weapons
 h - a +0 mace (weapon)
 y - a +0 hunting sling
Missiles
 g - 41 arrows
 i - 55 stones
 k - 7 javelins (quivered)
Armour
 a - a +0 robe (worn)
 l - a +2 shield
 n - a +0 buckler
 x - a +0 leather armour
Jewellery
 s - a ring of stealth (left hand)
Wands
 q - a wand of enslavement (17)
 v - a wand of paralysis (13)
Scrolls
 f - a scroll of enchant armour {unknown}
 j - 2 scrolls of identify {unknown}
 m - 3 scrolls of remove curse {unknown}
 p - a scroll of immolation {unknown}
 r - a scroll of random uselessness {unknown}
 w - a scroll of magic mapping {unknown}
Potions
 o - a potion of curing {unknown}
 t - a potion of might {unknown}
 u - a potion of heal wounds {unknown}
Books
 b - a Young Poisoner's Handbook

   Spells                             Type                      Level
   a - Sting                          Conjuration/Poison           1
   b - Poisonous Vapours              Poison/Air                   2
   c - Mephitic Cloud                 Conjuration/Poison/Air       3
   d - Olgreb's Toxic Radiance        Poison                       4
   e - Venom Bolt                     Conjuration/Poison           5
Comestibles
 c - 5 rations


   Skills:
 - Level 2.0 Fighting
 - Level 1.5 Dodging
 - Level 3.0 Stealth
 - Level 2.0 Spellcasting
 - Level 2.0 Conjurations
 - Level 1.0 Air Magic
 + Level 5.9 Poison Magic


You had 2 spell levels left.
You knew the following spells:

 Your Spells              Type           Power        Failure   Level  Hunger
a - Sting                 Conj/Pois      ##..         4%          1    #......
b - Poisonous Vapours     Pois/Air       ##....       8%          2    ###....
c - Mephitic Cloud        Conj/Pois/Air  ##......     19%         3    ###....


Dungeon Overview and Level Annotations

Branches:
Dungeon (2/15)

Altars:
Nemelex Xobeh


Innate Abilities, Weirdness & Mutations

You cannot wear boots.
Your serpentine skin is tough. (AC +1)
You have supernaturally acute eyesight. (SInv)
Armour fits poorly on your strangely shaped body.
Your system is resistant to poisons. (rPois)
You cover ground very slowly.
You have a slow metabolism.
You can spit poison.


Message History

Casting: Sting
Confirm with . or Enter, or press ? or * to list all spells.
Aiming: Sting
Press: ? - help, Shift-Dir - straight line, f/p - gnoll
Aim: a gnoll (heavily wounded, poisoned)
The sting hits the gnoll.
The gnoll is heavily wounded.
The gnoll hits you!
* * * LOW HITPOINT WARNING * * *
Unknown command.
Casting: Sting
Confirm with . or Enter, or press ? or * to list all spells.
Aiming: Poisonous Vapours
Press: ? - help, Dir - move target cursor, f/p - gnoll
Aim: a gnoll (heavily wounded, poisoned) Poisonous vapours surround the gnoll!
You are starving!
The gnoll is engulfed in poison gas.
The gnoll looks even sicker.
The gnoll hits you!
You die...

#...##..# ....... ###.###.#
#...#...# #.........####.(.##.#
.......... +.........+.......#.##
#...#...####........>####........
#...##..# ..).... ##.#.#.## #...#
#.# ..... ###.#.## #..... .# )..
#.#.## ##..... # #g# #...##
##.#### #@# #..### #.# #####
#.######## #..### #.#
#...###........# #..... #.#
#............#.# ##.### #.#
#...#.....##.#.# #.# #.#
##.###...##....#####.#
#.#######.# ##.....#........#
#......รท..# #####...########
########### #####


You could see a gnoll.

Vanquished Creatures
  2 gnolls (D:2)
  3 adders (D:2)
  3 worms (D:2)
  4 dart slugs
  2 leopard geckos (D:2)
  4 giant cockroaches
  4 goblins
  7 hobgoblins
  7 kobolds
  2 quokkas (D:2)
  A ball python (D:1)
  9 bats
  2 frilled lizards (D:2)
  10 rats
60 creatures vanquished.

Notes
Turn   | Place    | Note
-------+----------+-------------------------------------------
     0 | D:1      | pox the Naga Venom Mage began the quest for the Orb.
     0 | D:1      | Reached XP level 1. HP: 15/15 MP: 3/3
   208 | D:1      | Reached skill level 1 in Fighting
   253 | D:1      | Reached XP level 2. HP: 25/25 MP: 1/5
   561 | D:1      | Learned a level 2 spell: Poisonous Vapours
   670 | D:1      | Reached XP level 3. HP: 28/32 MP: 4/6
   977 | D:1      | Learned a level 3 spell: Mephitic Cloud
  1456 | D:2      | Reached skill level 1 in Air Magic
  1594 | D:2      | Found a sparkling altar of Nemelex Xobeh.
  1736 | D:2      | Reached XP level 4. HP: 39/39 MP: 4/7
  1899 | D:2      | Reached skill level 5 in Poison Magic
  3185 | D:2      | HP: 1/39 [gnoll/spear (8)]
  3195 | D:2      | Reached XP level 5. HP: 13/45 MP: 0/8
  3253 | D:2      | Slain by a gnoll

Skill      XL: |  1  2  3  4 |
---------------+-------------+-----
Fighting       | 1 2 |  2.0
Conjurations   | 2 |  2.0
Air Magic      | 1 |  1.0
Poison Magic   | 5 |  5.9
Dodging        | |  1.5
Stealth        | |  3.0
Spellcasting   | |  2.0

Action                   |  1- 3 |  4- 6 || total
-------------------------+-------+-------++-------
Melee: Unarmed           |     2 |       ||     2
       Mace              |    25 |    26 ||    51
 Cast: Sting             |    30 |    21 ||    51
       Poisonous Vapours |    12 |    21 ||    33
       Mephitic Cloud    |       |     2 ||     2
 Abil: Spit Poison       |     1 |     3 ||     4
  Use: Potion            |       |     2 ||     2
  Eat: Chunk             |     3 |     4 ||     7
Armor: Robe              |    12 |     9 ||    21
Dodge: Dodged            |    25 |    19 ||    44
